 Dungeon Sprint DCSS version 0.31-a0-986-g5e6e4ef867 (webtiles) character file.

Game seed: 17053504631259282006

456129 fozzywoppz the Gargoyle Barricade (level 19, 151/151 HPs)
             Began as a Gargoyle Fighter on Nov 3, 2023.
             Was the Champion of Qazlal.
             Escaped with the Orb!
             The game lasted 00:37:34 (3429 turns).

fozzywoppz the Gargoyle Barricade (GrFi)            Turns: 3429, Time: 00:37:34

Health: 151/151    AC: 51    Str: 26    XL:     19   Next: 1%
Magic:  26/36      EV: 20    Int: 13    God:    Qazlal [******]
Gold:   1340       SH: 41    Dex: 11    Spells: 18/18 levels left

rFire   + + .        O - +10 morningstar "Eos" {elec, Halo rElec}
rCold   + + .        D - +4 tower shield
rNeg    + + +        y - +8 gold dragon scales
rPois   ∞            B - -2 hat of the Alchemist {rElec rPois rF+ rC+ rN+ Will+ rMut rCorr}
rElec   +            (no cloak)
rCorr   +            I - +2 pair of gloves {infuse}
SInv    .            (no boots)
Will    ++...        T - amulet of reflection Stlth
                     C - ring "Ovaxiome" {EV+5 Int+2 Slay+2 Stlth-}
HPRegen 0.45/turn    V - ring of Broken Luck {rF+ rN+ Str+2}
MPRegen 0.25/turn

%: no teleportation, repel missiles, reflection, resist mutation, infuse magic
(1 MP)
@: flying, glowing, studying 5 skills
A: sickness immunity, AC +14, big wings, negative energy resistance 1,
electricity resistance, torment resistance 1, petrification resistance, heat
vulnerability 1
0: Orb of Zot
a: Renounce Religion, Upheaval, Elemental Force, Disaster Area


You escaped.
You worshipped Qazlal.
Qazlal was exalted by your worship.
You visited 1 branch You collected 1340 gold pieces.

Inventory:

Hand Weapons
 b - a +5 demon whip of freezing
 x - a +6 broad axe of electrocution
 z - the +6 shillelagh "Devastator" {shatter}
   (You found it in the Dungeon)
 K - a +6 flail of holy wrath
 O - the +10 morningstar "Eos" (weapon) {elec, Halo rElec}
   (You found it in the Dungeon)

   Halo:      It grants its wielder a halo, revealing invisible creatures and
   increasing accuracy against all within it other than the wielder.
   rElec:     It insulates you from electricity.
Missiles
 N - 4 throwing nets
Armour
 v - a +5 crystal plate armour
 y - +8 gold dragon scales (worn)
 B - the -2 hat of the Alchemist (worn) {rElec rPois rF+ rC+ rN+ Will+ rMut rCorr}
   (You found it in the Dungeon)

   rF+:       It protects you from fire.
   rC+:       It protects you from cold.
   rElec:     It insulates you from electricity.
   rPois:     It protects you from poison rN+: It protects you from negative
   energy.
   Will+:     It increases your willpower.
   rCorr:     It protects you from acid and corrosion.
   rMut:      It protects you from mutation.
 D - a +4 tower shield (worn)
 I - a +2 pair of gloves of infusion (worn)
 X - the +1 faerie dragon scales {rCorr Dex+4}
   (You took it off the Enchantress in the Dungeon)

   Dex+4:     It affects your dexterity (+4).
   rCorr:     It protects you from acid and corrosion.
Jewellery
 a - the amulet of the Kappa {RegenMP rCorr}
   (You found it in the Dungeon)

   [amulet of magic regeneration]

   RegenMP:   It increases your rate of magic regeneration.
   rCorr:     It protects you from acid and corrosion.
 n - the ring of the Will of the Gods {rPois rC- rN+ rCorr Int+3}
   (You found it in the Dungeon)

   [ring of resist corrosion]

   Int+3:     It affects your intelligence (+3).
   rC-:       It makes you vulnerable to cold.
   rPois:     It protects you from poison rN+: It protects you from negative
   energy.
   rCorr:     It protects you from acid and corrosion.
 o - the ring "Qebraosi" {Fly rC+ Str+3 Stlth-}
   (You found it in the Dungeon)

   [ring of flight]

   Str+3:     It affects your strength (+3).
   rC+:       It protects you from cold.
   Fly:       It grants you flight.
   Stlth-:    It makes you less stealthy.
 q - a ring of protection from cold
 A - a +6 ring of strength
 C - the ring "Ovaxiome" (left hand) {EV+5 Int+2 Slay+2 Stlth-}
   (You found it in the Dungeon)

   [ring of evasion]

   EV+5:      It affects your evasion (+5).
   Int+2:     It affects your intelligence (+2).
   Slay+2:    It affects your accuracy & damage with ranged weapons and melee
   (+2).
   Stlth-:    It makes you less stealthy.
 E - the ring "Wiwod" {rElec rC+ Will+ Int+3 Dex+3}
   (You found it in the Dungeon)

   [ring of protection from cold]

   Int+3:     It affects your intelligence (+3).
   Dex+3:     It affects your dexterity (+3).
   rC+:       It protects you from cold.
   rElec:     It insulates you from electricity.
   Will+:     It increases your willpower.
 G - the necklace of Bloodlust {Fury *Rage Will++ Int-3 Slay+6}
   (You found it in the Dungeon)

   [amulet of nothing]

   Fury:      It extends the wearer's berserk rage when killing foes.
   Int-3:     It affects your intelligence (-3).
   Slay+6:    It affects your accuracy & damage with ranged weapons and melee
   (+6).
   Will++:    It greatly increases your willpower.
   *Rage:     It berserks you when you make melee attacks (+50% chance).
 Q - the ring "Ulall" {Wiz rElec rC+ Int+2 Dex-3}
   (You found it in the Dungeon)

   [ring of wizardry]

   Wiz:       It improves your spell success rate.
   Int+2:     It affects your intelligence (+2).
   Dex-3:     It affects your dexterity (-3).
   rC+:       It protects you from cold.
   rElec:     It insulates you from electricity.
 R - the ring "Etatal" {Will+ Dex+5}
   (You took it off a green draconian in the Dungeon)

   [ring of willpower]

   Dex+5:     It affects your dexterity (+5).
   Will+:     It increases your willpower.
 S - the amulet of Ugamyu {Acrobat rElec}
   (You found it in the Dungeon)

   [amulet of the acrobat]

   Acrobat:   It increases your evasion while moving and waiting.
   rElec:     It insulates you from electricity.
 T - an amulet of reflection (around neck)
 U - the ring "Qamat" {rC+ rN+ SInv}
   (You found it in the Dungeon)

   [ring of positive energy]

   rC+:       It protects you from cold.
   rN+:       It protects you from negative energy.
   SInv:      It lets you see invisible.
 V - the ring of Broken Luck (right hand) {rF+ rN+ Str+2}
   (You found it in the Dungeon)

   [ring of positive energy]

   Str+2:     It affects your strength (+2).
   rF+:       It protects you from fire.
   rN+:       It protects you from negative energy.
 Y - the ring "Vifroas" {rElec rPois AC+4}
   (You found it in the Dungeon)

   [ring of protection]

   AC+4:      It affects your AC (+4).
   rElec:     It insulates you from electricity.
   rPois:     It protects you from poison
Wands
 c - a wand of polymorph (35)
 s - a wand of mindburst (19)
 t - a wand of iceblast (47)
 u - a wand of acid (29)
 w - a wand of digging (21)
 J - a wand of flame (14)
 L - a wand of paralysis (83)
Scrolls
 j - 2 scrolls of blinking
 p - 6 scrolls of fog
 r - 2 scrolls of fear
 M - 6 scrolls of brand weapon
 Z - 8 scrolls of enchant weapon
Potions
 d - 3 potions of might
 e - 10 potions of curing
 f - 19 potions of heal wounds
 g - 22 potions of haste
 h - 3 potions of magic
 i - 3 potions of berserk rage
 k - 2 potions of brilliance
 l - a potion of invisibility
 m - 3 potions of resistance
Miscellaneous
 F - a phial of floods
 H - a lightning rod (4/4)
 P - a phantom mirror
 W - a tin of tremorstones (2/2)


   Skills:
 O Level 27 Fighting
 - Level 18.0 Maces & Flails
 O Level 27 Armour
 O Level 27 Dodging
 O Level 27 Shields
 O Level 27 Invocations
 + Level 22.8 Evocations


You had 18 spell levels left.
You didn't know any spells.
Your spell library contained the following spells:

 Spells                   Type           Power      Damage    Failure   Level
 Apportation              Tloc           0%         N/A       90%         1
 Foxfire                  Conj/Fire      0%         2x1d4     90%         1
 Kiss of Death            Conj/Necr      0%         2d5       90%         1
 Magic Dart               Conj           0%         1d3       90%         1
 Necrotise                Necr           0%         1d4       90%         1
 Sandblast                Erth           0%         2d4       90%         1
 Shock                    Conj/Air       0%         1d3       90%         1
 Slow                     Hex            0%         N/A       90%         1
 Summon Small Mammal      Summ           0%         N/A       90%         1
 Blink                    Tloc           0%         N/A       97%         2
 Call Imp                 Summ           0%         N/A       97%         2
 Ensorcelled Hibernation  Hex/Ice        0%         N/A       97%         2
 Jinxbite                 Hex            0%         N/A       97%         2
 Lesser Beckoning         Tloc           0%         N/A       97%         2
 Momentum Strike          Conj/Tloc      0%         3d8       97%         2
 Passwall                 Tmut/Erth      0%         N/A       97%         2
 Poisonous Vapours        Pois/Air       0%         N/A       97%         2
 Scorch                   Fire           0%         2d5       97%         2
 Searing Ray              Conj           0%         2d4       97%         2
 Static Discharge         Conj/Air       0%         3-3/arc   97%         2
 Wereblood                Tmut           0%         N/A       97%         2
 Call Canine Familiar     Summ           0%         N/A       99%         3
 Confusing Touch          Hex            0%         N/A       99%         3
 Dazzling Flash           Conj/Hex       0%         N/A       99%         3
 Frozen Ramparts          Ice            0%         1d1       99%         3
 Gell's Gravitas          Tloc           0%         N/A       99%         3
 Hailstorm                Conj/Ice       0%         3d3       99%         3
 Ignite Poison            Fire/Tmut/Pois 0%         N/A       99%         3
 Inner Flame              Hex/Fire       0%         N/A       99%         3
 Mephitic Cloud           Conj/Pois/Air  0%         N/A       99%         3
 Ozocubu's Armour         Ice            0%         N/A       99%         3
 Sigil of Binding         Hex            0%         N/A       99%         3
 Stone Arrow              Conj/Erth      0%         3d7       99%         3
 Summon Guardian Golem    Hex/Summ       0%         N/A       99%         3
 Teleport Other           Tloc           0%         N/A       99%         3
 Tukima's Dance           Hex            0%         N/A       99%         3
 Vampiric Draining        Necr           0%         2d6       99%         3
 Volatile Blastmotes      Fire/Tloc      0%         2d10      99%         3
 Airstrike                Air            0%         2d(0-16)  100%        4
 Anguish                  Hex/Necr       0%         N/A       100%        4
 Animate Armour           Summ/Erth      0%         N/A       100%        4
 Animate Dead             Necr           0%         N/A       100%        4
 Brom's Barrelling Bould  Conj/Erth      0%         2d3       100%        4
 Cause Fear               Hex            0%         N/A       100%        4
 Dimensional Bullseye     Hex/Tloc       0%         N/A       100%        4
 Flame Wave               Conj/Fire      0%         2d4       100%        4
 Fulminant Prism          Conj/Hex       0%         3d5       100%        4
 Iskenderun's Mystic Bla  Conj/Tloc      0%         2d3       100%        4
 Leda's Liquefaction      Hex/Erth       0%         N/A       100%        4
 Manifold Assault         Tloc           0%         N/A       100%        4
 Olgreb's Toxic Radiance  Pois           0%         N/A       100%        4
 Passage of Golubria      Tloc           0%         N/A       100%        4
 Petrify                  Tmut/Erth      0%         N/A       100%        4
 Sticky Flame             Conj/Fire      0%         2d3       100%        4
 Summon Ice Beast         Ice/Summ       0%         N/A       100%        4
 Summon Lightning Spire   Summ/Air       0%         N/A       100%        4
 Agony                    Necr           0%         N/A       100%        5
 Alistair's Intoxication  Tmut/Pois      0%         N/A       100%        5
 Borgnjor's Vile Clutch   Necr/Erth      0%         N/A       100%        5
 Fireball                 Conj/Fire      0%         3d3       100%        5
 Freezing Cloud           Conj/Ice/Air   0%         6-21      100%        5
 Irradiate                Conj/Tmut      0%         3d11      100%        5
 Iskenderun's Battlesphe  Conj           0%         2d6       100%        5
 Lee's Rapid Deconstruct  Erth           0%         3d4*      100%        5
 Metabolic Englaciation   Hex/Ice        0%         N/A       100%        5
 Silence                  Hex/Air        0%         N/A       100%        5
 Summon Forest            Summ/Tloc      0%         N/A       100%        5
 Summon Mana Viper        Hex/Summ       0%         N/A       100%        5
 Yara's Violent Unravell  Hex/Tmut       0%         3d3       100%        5
 Bombard                  Conj/Erth      0%         9d1       100%        6
 Death Channel            Necr           0%         N/A       100%        6
 Dispersal                Tloc           0%         N/A       100%        6
 Eringya's Noxious Bog    Tmut/Pois      0%         4d6       100%        6
 Plasma Beam              Fire/Air       0%         2x1d10    100%        6
 Simulacrum               Ice/Necr       0%         N/A       100%        6
 Starburst                Conj/Fire      0%         6d3       100%        6
 Summon Cactus Giant      Summ           0%         N/A       100%        6
 Enfeeble                 Hex            0%         N/A       100%        7
 Haunt                    Necr/Summ      0%         N/A       100%        7
 Malign Gateway           Summ/Tloc      0%         N/A       100%        7
 Orb of Destruction       Conj           0%         9d5       100%        7
 Ozocubu's Refrigeration  Ice            0%         4d7       100%        7
 Spellforged Servitor     Conj/Summ      0%         N/A       100%        7
 Summon Hydra             Summ           0%         N/A       100%        7
 Borgnjor's Revivificati  Necr           0%         N/A       100%        8
 Disjunction              Tloc           0%         N/A       100%        8
 Ignition                 Fire           0%         3d3       100%        8
 Lehudib's Crystal Spear  Conj/Erth      0%         10d2      100%        8
 Summon Horrible Things   Summ           0%         N/A       100%        8
 Chain Lightning          Conj/Air       0%         N/A       100%        9
 Death's Door             Necr           0%         N/A       100%        9
 Dragon's Call            Summ           0%         N/A       100%        9
 Fire Storm               Conj/Fire      0%         5d1       100%        9
 Polar Vortex             Ice            0%         N/A       100%        9
 Shatter                  Erth           0%         3d5*      100%        9
 Sublimation of Blood     Necr           Unusable   N/A       N/A         2

Dungeon Overview and Level Annotations

Branches:
Dungeon (1/1)

Altars:
Ashenzari
Cheibriados
Dithmenos
Elyvilon
Fedhas
Gozag
Hepliaklqana
Kikubaaqudgha
Makhleb
Nemelex Xobeh
Okawaru
Qazlal
Ru
Sif Muna
Trog
Uskayaw
Vehumet
Wu Jian
Xom
Yredelemnul
Zin
The Shining One
Jiyva
Lugonu


Innate Abilities, Weirdness & Mutations

You are immune to sickness and miasma.
Your stone body is resilient. (AC +14)
You are immune to poison.
Your large and strong wings let you fly.
You resist negative energy. (rN+)
You are resistant to electric shocks. (rElec)
You are resistant to unholy torment.
You are immune to petrification.
You are vulnerable to heat. (rF-)


Message History

a +0 robe; a +2 heavy trident; an orc corpse
Found three items.
You block the orc warlord's attack.
Items here: ( )) [ †.
You block the orc warlord's attack.
You hammer the orc warlord like a gong!!!
You kill the orc warlord!
Qazlal accepts your kill.
No target in view!
No target in view!
No target in view!
No target in view!
Found two items.
Things that are here:
the +9 halberd of Ashenzari {chaos, rF+ Str+2}; a +4 chain mail of fire resistance; an orc corpse
u - a wand of acid (29) (gained 3 charges)
Your pack is full.
Items here: ))))) = [[[ †.
Items here: )) [[[ †.
Things that are here:
a +0 arbalest; a +0 tower shield
Items here: )) [[.
You pick up a book of the Warp and begin reading...
You add the spell Manifold Assault to your library.
Things that are here:
a staff of fire; an ogre corpse
Items here: )) [[.
Things that are here:
a +0 arbalest; a +0 tower shield
There is a transporter here.
An exit appears before you!
You enter the transporter and appear at another place.
Found the Orb of Zot.
Found a staircase leading out of the dungeon.
Unknown command.
You see here the Orb of Zot.
You pick up the Orb of Zot!
The Orb lets out a hideous shriek!
The lords of Pandemonium are not amused.
Beware!
Now all you have to do is get back out of the dungeon!
There is a staircase leading out of the dungeon here.
You have escaped!

[|.=........▓..▓......†▓†.▓...8©8
.).....(....▓.▓.▓.....▓†▓.▓......
..[(..).....▓..▓.......▓..▓......
.[).........▓.............▓[.....
)...........▓......©......▓).).).
..).........▓▓▓▓▓▓▓▓▓▓▓▓▓▓▓...).[
▓.....†.▓...▓8888888888888▓......
▓▓)}...▓▓▓..▓8.§..°......8▓..▓..)
▓.......▓...▓8..@.....©..8▓.▓...=
..........≈.▓8....○......8▓....©.
....©.....≈.▓8888888888888▓▓▓▓▓▓▓
▓▓▓▓▓▓▓▓▓▓▓▓▓▓▓▓▓▓▓▓▓▓▓▓▓▓▓▓▓▓▓▓▓
.....8©8........▓........8©8.....
[).[=.)).|):.)).▓.).|[..:)%.[=|:)
||.)|..|.).|))..▓.)|[)|[†.)=.:=|.
.)).).=.)[....=.▓.[.|.†..).[)=)))
......[...[.....▓.........=.††...


There were no monsters in sight!

Vanquished Creatures
  Antaeus (D)
  Ereshkigal (D)
  Dissolution (D)
  3 pandemonium lords (D)
  Khufu (D)
  Boris (D)
  Margery (D)
  3 shard shrikes (shapeshifter) (D)
  4 golden dragons (D)
  Geryon (D)
  Jory (D)
  the Enchantress (D)
  Nellie (D)
  A deep elf blademaster (D)
  Murray (D)
  2 quicksilver dragons (D)
  4 acid blobs (D)
  3 tentacled starspawn (D)
  2 acid blobs (shapeshifter) (D)
  Kirke (D)
  Polyphemus (D)
  Chuck (D)
  Roxanne (D)
  2 shadow dragons (D)
  3 azure jellies (D)
  A nagaraja (D)
  2 rockslimes (D)
  A frost giant (shapeshifter) (D)
  A ghost moth (shapeshifter) (D)
  3 deep elf sorcerers (D)
  An emperor scorpion (D)
  A draconian shifter (D)
  6 iron dragons (D)
  A draconian knight (D)
  A broodmother (D)
  A ghoul (D)
  A ghost moth (D)
  14 orc warlords (D)
  A draconian stormcaller (D)
  5 very ugly things (D)
  Nessos (D)
  6 stone giants (D)
  6 green draconians (D)
  3 black draconians (D)
  A red draconian (D)
  A yellow draconian (D)
  4 fire dragons (D)
  An entropy weaver (shapeshifter) (D)
  Harold (D)
  An alligator (shapeshifter) (D)
  Erolcha (D)
  3 hydras (D)
  An anaconda (D)
  8 ice dragons (D)
  2 anacondas (shapeshifter) (D)
  5 dancing weapons (D)
  3 two-headed ogres (shapeshifter) (D)
  2 vampire magi (D)
  A naga warrior (D)
  3 two-headed ogres (D)
  9 orc high priests (D)
  A shock serpent (shapeshifter) (D)
  5 thrashing horrors (D)
  Nergalle (D)
  Sonja (D)
  A deep elf knight (D)
  3 wretched stars (D)
  3 skeletal warriors (D)
  A goliath frog (shapeshifter) (D)
  A skyshark (shapeshifter) (D)
  5 death drakes (D)
  A fire crab (shapeshifter) (D)
  A death drake (shapeshifter) (D)
  A glowing orange brain (D)
  A flayed ghost (D)
  3 swamp dragons (D)
  A glowing orange brain (shapeshifter) (D)
  2 deep elf archers (D)
  A deep elf pyromancer (D)
  3 swamp dragons (shapeshifter) (D)
  A steelbarb worm (shapeshifter) (D)
  A glowing shapeshifter (D)
  2 fauns (shapeshifter) (D)
  6 ugly things (D)
  3 wolf spiders (D)
  8 orc sorcerers (D)
  2 lindwurms (shapeshifter) (D)
  3 shining eyes (shapeshifter) (D)
  A necromancer (D)
  5 worldbinders (D)
  3 deep elf zephyrmancers (D)
  12 orc knights (D)
  A cyclops (shapeshifter) (D)
  2 cyclopes (D)
  A manticore (shapeshifter) (D)
  3 shining eyes (D)
  2 salamanders (shapeshifter) (D)
  12 large abominations (D)
  2 moths of wrath (shapeshifter) (D)
  A naga mage (D)
  3 elephants (shapeshifter) (D)
  A guardian serpent (shapeshifter) (D)
  2 eyes of devastation (D)
  3 orange demons (D)
  A water nymph (shapeshifter) (D)
  2 cane toads (shapeshifter) (D)
  3 rime drakes (D)
  A kobold demonologist (D)
  Psyche (D)
  2 rime drakes (shapeshifter) (D)
  3 komodo dragons (shapeshifter) (D)
  A red devil (D)
  2 efreet (D)
  A queen bee (shapeshifter) (D)
  A wind drake (shapeshifter) (D)
  Grinder (D)
  2 ancient zymes (D)
  2 polar bears (shapeshifter) (D)
  5 trolls (D)
  3 hornets (D)
  A tarantella (D)
  A blink frog (D)
  A raiju (D)
  2 glass eyes (shapeshifter) (D)
  2 raiju (shapeshifter) (D)
  A tarantella (shapeshifter) (D)
  A snapping turtle (shapeshifter) (D)
  A glass eye (D)
  10 slime creatures (D)
  2 dream sheep (shapeshifter) (D)
  A jumping spider (shapeshifter) (D)
  2 slime creatures (shapeshifter) (D)
  A jumping spider (D)
  A culicivora (shapeshifter) (D)
  2 flying skulls (D)
  A spriggan (shapeshifter) (D)
  4 shadows (D)
  A ynoxinul (D)
  3 water elementals (D)
  6 wyverns (D)
  A vampire (D)
  4 fire bats (D)
  A yak (shapeshifter) (D)
  Grum (D)
  3 chaos spawn (D)
  12 starcursed masses (D)
  10 neqoxecs (D)
  2 fire elementals (D)
  2 golden eyes (shapeshifter) (D)
  A redback (shapeshifter) (D)
  2 swamp worms (shapeshifter) (D)
  Edmund (D)
  4 wargs (D)
  Menkaure (D)
  4 nagas (D)
  2 water moccasins (D)
  A hell hound (D)
  5 acid dragons (D)
  5 swamp drakes (D)
  Pargi (D)
  34 orc warriors (D)
  2 sky beasts (D)
  11 ogres (D)
  11 small abominations (D)
  A phantom (D)
  A necrophage (D)
  A gnoll sergeant (D)
  A scorpion (D)
  5 wights (D)
  Dowan (D)
  4 crimson imps (D)
  2 jellies (D)
  4 orc priests (D)
  5 iron imps (D)
  Ijyb (D)
  Terence (D)
  2 orc wizards (D)
  4 adders (D)
  3 white imps (D)
  6 ufetubi (D)
  2 adder zombies (D)
  An orc (D)
  A bat skeleton (D)
  A bat zombie (D)
  4 ball pythons (D)
  A ball python skeleton (D)
  A giant cockroach zombie (D)
  A jackal skeleton (D)
  2 quokka skeletons (D)
  2 quokka zombies (D)
  2 lurking horrors (D)
  3 starspawn tentacles (D)
520 creatures vanquished.

Vanquished Creatures (collateral kills)
  An azure jelly (D)
  An eye of devastation (D)
2 creatures vanquished.

Vanquished Creatures (others)
  A deep elf knight (D)
  A guardian serpent (D)
  A water moccasin (D)
  A jelly (D)
  5 starspawn tentacles (D)
9 creatures vanquished.

Grand Total: 531 creatures vanquished

Notes
Turn   | Place    | Note
-------+----------+-------------------------------------------
     0 | D        | fozzywoppz the Gargoyle Fighter began the quest for the
                  | Orb.
     0 | D        | Reached XP level 1. HP: 14/14 MP: 1/1
     0 | D        | Found a bloodstained altar of Trog.
     0 | D        | Found a shimmering blue altar of Sif Muna.
     0 | D        | Found a sacrificial altar of Ru.
     0 | D        | Found a stormy altar of Qazlal.
     0 | D        | Found an iron altar of Okawaru.
     2 | D        | Found a sparkling altar of Nemelex Xobeh.
     2 | D        | Found a blossoming altar of Fedhas.
     2 | D        | Found the +6 Majin-Bo {spellvamp, MP+6 Int+6}
     2 | D        | Found the +27 heavy crossbow "Sniper" {heavy, Acc+∞ SInv}
     2 | D        | Found the +10 dark maul {heavy}
     2 | D        | Found the +15 Maxwell's patent armour {-Cast -Tele rElec
                  | Will+ rCorr}
     2 | D        | Found the +18 shield of the Gong {Loud rN+ Will+ rCorr
                  | EV-5}
     2 | D        | Found the +16 obsidian axe {drain, demonic, Mesm Drain Fly
                  | SInv}
     2 | D        | Found the +7 great mace "Firestarter" {flame, immolate,
                  | rFlCloud rF++}
     2 | D        | Found the +6 shillelagh "Devastator" {shatter}
     2 | D        | Found the +11 plutonium sword {Contam Stlth-}
     2 | D        | Found the +8 lance "Wyrmbane" {slay drac, rPois rF+ rC+
                  | AC+3}
     2 | D        | Found the +9 sword of Zonguldrok {reap}
     2 | D        | Found the +13 scythe of Curses {drain, curses, Drain}
     2 | D        | Found the +9 sword of Power {lifebolt}
     2 | D        | Found the +7 mace of Variability {chaos, chaos arc}
     2 | D        | Found the +11 Singing Sword {sonic wave}
     2 | D        | Found the +8 storm bow {elec, penet}
     4 | D        | Found a transporter.
     4 | D        | Found an ancient bone altar of Kikubaaqudgha.
     4 | D        | Found a viscous altar of Jiyva.
     4 | D        | Found a corrupted altar of Lugonu.
     4 | D        | Found a hazy altar of Hepliaklqana.
     4 | D        | Found a burning altar of Makhleb.
     4 | D        | Found an opulent altar of Gozag.
   110 | D        | Became a worshipper of Qazlal Stormbringer
   113 | D        | Reached skill level 5 in Fighting
   113 | D        | Reached skill level 5 in Armour
   113 | D        | Reached skill level 5 in Shields
   113 | D        | Reached XP level 2. HP: 21/21 MP: 2/2
   121 | D        | Entered arena 2.
   121 | D        | Noticed a jumping spider
   121 | D        | Noticed a scorpion
   121 | D        | Found a transporter.
   123 | D        | Killed a scorpion
   124 | D        | Reached skill level 5 in Maces & Flails
   124 | D        | Reached XP level 3. HP: 12/27 MP: 2/5
   124 | D        | Reached XP level 4. HP: 14/32 MP: 2/6
   125 | D        | Killed a jumping spider
   126 | D        | Reached skill level 5 in Invocations
   126 | D        | Reached XP level 5. HP: 17/38 MP: 2/8
   206 | D        | Entered arena 3.
   206 | D        | Noticed a slime creature
   206 | D        | Noticed a glass eye
   206 | D        | Found a transporter.
   210 | D        | Killed a glass eye
   210 | D        | Reached * piety under Qazlal
   211 | D        | Reached XP level 6. HP: 45/45 MP: 8/11
   214 | D        | Reached XP level 7. HP: 50/50 MP: 8/12
   221 | D        | Killed a slime creature
   274 | D        | Entered arena 4.
   274 | D        | Found a transporter.
   277 | D        | Reached ** piety under Qazlal
   278 | D        | Reached skill level 10 in Fighting
   279 | D        | Reached *** piety under Qazlal
   293 | D        | Entered arena 5.
   293 | D        | Found a transporter.
   297 | D        | Reached **** piety under Qazlal
   336 | D        | Entered arena 6.
   336 | D        | Found a transporter.
   341 | D        | Reached XP level 8. HP: 58/58 MP: 14/14
   346 | D        | Got the Secrets of the Caves and Heat
   348 | D        | Entered arena 7.
   348 | D        | Noticed a cyclops
   348 | D        | Noticed a two-headed ogre
   348 | D        | Noticed a two-headed ogre
   349 | D        | Found a transporter.
   352 | D        | Reached ***** piety under Qazlal
   353 | D        | Killed a two-headed ogre
   354 | D        | Reached skill level 10 in Maces & Flails
   356 | D        | Killed a cyclops
   357 | D        | Reached skill level 10 in Invocations
   357 | D        | Reached XP level 9. HP: 49/64 MP: 14/16
   359 | D        | Reached skill level 10 in Armour
   359 | D        | Reached skill level 10 in Shields
   359 | D        | Killed a two-headed ogre
   362 | D        | Upgraded the game from 0.31-a0-983-g7b6862f502 to
                  | 0.31-a0-986-g5e6e4ef867
   387 | D        | Entered arena 8.
   387 | D        | Noticed a brown ugly thing
   387 | D        | Noticed a brown ugly thing
   387 | D        | Noticed a purple ugly thing
   389 | D        | Found a transporter.
   394 | D        | Killed a brown ugly thing
   395 | D        | Reached skill level 1 in Dodging
   397 | D        | Killed a red ugly thing
   398 | D        | Reached XP level 10. HP: 68/72 MP: 18/18
   398 | D        | Gained mutation: You are vulnerable to heat. (rF-) [a
                  | neqoxec]
   399 | D        | Reached ****** piety under Qazlal
   401 | D        | Killed a cyan ugly thing
   412 | D        | Got the ring of the Will of the Gods {rPois rC- rN+ rCorr
                  | Int+3}
   419 | D        | Entered arena 9.
   420 | D        | Found a transporter.
   437 | D        | Entered arena 10.
   437 | D        | Noticed a deep elf archer
   437 | D        | Noticed a deep elf pyromancer
   437 | D        | Noticed a +3 heavy scimitar
   437 | D        | Noticed a deep elf zephyrmancer
   437 | D        | Noticed a deep elf knight
   438 | D        | Found a transporter.
   441 | D        | Killed a deep elf zephyrmancer
   443 | D        | Killed a deep elf knight
   448 | D        | Killed a deep elf archer
   453 | D        | Killed a deep elf pyromancer
   454 | D        | Killed a +3 heavy scimitar
   455 | D        | Reached skill level 5 in Dodging
   455 | D        | Reached skill level 15 in Shields
   455 | D        | Reached XP level 11. HP: 48/80 MP: 20/20
   471 | D        | Got the Folio of Enchanting Vicissitude
   552 | D        | Entered arena 11.
   552 | D        | Noticed a starcursed mass
   554 | D        | Found a transporter.
   558 | D        | Killed a starcursed mass
   560 | D        | Killed a starcursed mass
   610 | D        | Entered arena 12.
   610 | D        | Noticed a wolf spider
   610 | D        | Noticed a wolf spider
   611 | D        | Noticed an emperor scorpion
   611 | D        | Noticed a broodmother
   611 | D        | Noticed a wolf spider
   612 | D        | Found a transporter.
   614 | D        | Killed a wolf spider
   615 | D        | Killed a wolf spider
   619 | D        | Noticed a wolf spider
   624 | D        | Killed a broodmother
   625 | D        | Reached skill level 15 in Fighting
   631 | D        | Killed an emperor scorpion
   633 | D        | Killed a wolf spider
   636 | D        | Killed a ghost moth
   637 | D        | Reached skill level 15 in Invocations
   657 | D        | Got the ring "Oxooroi" {Wiz *Corrode Will+ Str+3}
   796 | D        | Entered arena 13.
   796 | D        | Noticed a deep elf zephyrmancer
   796 | D        | Noticed a +5 long sword of holy wrath
   796 | D        | Noticed a +2 short sword of speed
   796 | D        | Noticed a deep elf sorcerer
   796 | D        | Noticed a +2 war axe of electrocution
   797 | D        | Noticed a deep elf knight
   797 | D        | Noticed a deep elf zephyrmancer
   797 | D        | Identified the ring "Anargh" {Fly Str+4}
   797 | D        | Noticed a deep elf sorcerer
   797 | D        | Noticed a deep elf archer
   797 | D        | Noticed a deep elf blademaster
   798 | D        | Killed a +2 short sword of speed
   798 | D        | Killed a +2 war axe of electrocution
   798 | D        | Killed a deep elf zephyrmancer
   799 | D        | Reached skill level 15 in Maces & Flails
   799 | D        | Reached XP level 12. HP: 89/89 MP: 14/23
   803 | D        | Killed a deep elf sorcerer
   809 | D        | Killed a deep elf knight
   817 | D        | Killed a deep elf blademaster
   817 | D        | Killed a deep elf sorcerer
   818 | D        | Found a transporter.
   831 | D        | Got Ohusic's Tome of Coordinates
  1120 | D        | Entered arena 14.
  1120 | D        | Noticed an entropy weaver
  1121 | D        | Noticed a cyan very ugly thing
  1121 | D        | Noticed a two-headed ogre
  1121 | D        | Found the +8 autumn katana {manifold assault}
  1122 | D        | Killed a two-headed ogre
  1124 | D        | Killed an entropy weaver
  1125 | D        | Found a transporter.
  1141 | D        | Reached XP level 13. HP: 97/97 MP: 7/25
  1144 | D        | Killed a cyan very ugly thing
  1245 | D        | Entered arena 15.
  1245 | D        | Noticed Psyche
  1245 | D        | Noticed Nergalle
  1245 | D        | Noticed Terence
  1245 | D        | Noticed Grum
  1246 | D        | Noticed Harold
  1246 | D        | Noticed Ijyb
  1246 | D        | Noticed Nessos
  1246 | D        | Noticed Edmund
  1246 | D        | Noticed Erolcha
  1246 | D        | Noticed Kirke
  1246 | D        | Noticed Grinder
  1247 | D        | Killed Ijyb
  1247 | D        | Killed Grum
  1247 | D        | Killed Edmund
  1247 | D        | Killed Nergalle
  1247 | D        | Killed Terence
  1247 | D        | Killed Psyche
  1250 | D        | Killed Erolcha
  1253 | D        | Killed Harold
  1253 | D        | Killed Grinder
  1253 | D        | Killed Nessos
  1253 | D        | Killed Kirke
  1253 | D        | Noticed Pargi
  1255 | D        | Found a transporter.
  1262 | D        | Killed Pargi
  1294 | D        | Got Vottyapp's Tome of Stormy Putrescence
  1465 | D        | Entered arena 16.
  1465 | D        | Noticed a black draconian knight
  1465 | D        | Noticed a black draconian
  1465 | D        | Noticed a yellow draconian
  1465 | D        | Noticed a green draconian
  1465 | D        | Noticed a black draconian
  1466 | D        | Noticed a green draconian
  1466 | D        | Noticed a green draconian
  1466 | D        | Identified the ring "Etatal" {Will+ Dex+5}
  1466 | D        | Noticed a green draconian
  1466 | D        | Noticed a purple draconian shifter
  1466 | D        | Noticed a red draconian
  1466 | D        | Noticed a green draconian
  1467 | D        | Killed a yellow draconian
  1467 | D        | Killed a black draconian
  1467 | D        | Killed a green draconian
  1467 | D        | Killed a green draconian
  1467 | D        | Killed a purple draconian shifter
  1467 | D        | Killed a black draconian knight
  1467 | D        | Noticed a black draconian
  1468 | D        | Killed a green draconian
  1468 | D        | Killed a black draconian
  1468 | D        | Killed a green draconian
  1468 | D        | Killed a red draconian
  1468 | D        | Killed a black draconian
  1468 | D        | Killed a green draconian
  1468 | D        | Killed a white draconian stormcaller
  1469 | D        | Reached skill level 5 in Evocations
  1469 | D        | Noticed a green draconian
  1471 | D        | Found a transporter.
  1481 | D        | Killed a green draconian
  1482 | D        | Gained mutation: Your large and strong wings let you fly.
                  | [Gargoyle growth]
  1482 | D        | Reached XP level 14. HP: 108/108 MP: 7/28
  1580 | D        | Entered arena 17.
  1582 | D        | Identified the +0 robe of Urchilina {rElec rN+++ Str-2
                  | Stlth+}
  1583 | D        | Noticed a nagaraja
  1604 | D        | Killed a nagaraja
  1605 | D        | Reached skill level 10 in Dodging
  1611 | D        | Found a transporter.
  1722 | D        | Entered arena 18.
  1724 | D        | Noticed a ghoul
  1729 | D        | Found a transporter.
  1735 | D        | Killed a ghoul
  1739 | D        | Reached skill level 15 in Armour
  1825 | D        | Entered arena 19.
  1827 | D        | Noticed a cyan very ugly thing
  1828 | D        | Killed a cyan very ugly thing
  1834 | D        | Found the -2 hat of the Alchemist {rElec rPois rF+ rC+ rN+
                  | Will+ rMut rCorr}
  1869 | D        | Killed a ghost moth
  1870 | D        | Found a transporter.
  1878 | D        | Found the +3 giant club "Skullcrusher" {speed, Str+7}
  2048 | D        | Entered arena 20.
  2051 | D        | Noticed a cyan very ugly thing
  2052 | D        | Noticed a quicksilver ooze
  2053 | D        | a quicksilver ooze changed into an alligator
  2054 | D        | Killed a cyan very ugly thing
  2055 | D        | Noticed a purple very ugly thing
  2059 | D        | Found a transporter.
  2069 | D        | Killed a purple very ugly thing
  2070 | D        | Reached XP level 15. HP: 117/117 MP: 6/29
  2074 | D        | Reached skill level 10 in Evocations
  2090 | D        | Got the ring "Ovaxiome" {EV+5 Int+2 Slay+2 Stlth-}
  2219 | D        | Entered arena 21.
  2222 | D        | Noticed an acid blob
  2223 | D        | Noticed an azure jelly
  2223 | D        | Noticed an azure jelly
  2223 | D        | Noticed an acid blob
  2225 | D        | Killed an azure jelly
  2225 | D        | Noticed an azure jelly
  2225 | D        | Noticed an acid blob
  2225 | D        | Killed an azure jelly
  2226 | D        | Noticed a rockslime
  2226 | D        | Noticed an acid blob
  2226 | D        | Noticed a rockslime
  2226 | D        | Noticed an azure jelly
  2229 | D        | Killed an acid blob
  2229 | D        | Killed an azure jelly
  2229 | D        | Killed a rockslime
  2229 | D        | Killed an acid blob
  2229 | D        | Killed an acid blob
  2229 | D        | Killed a rockslime
  2231 | D        | Killed an acid blob
  2234 | D        | Killed an azure jelly
  2236 | D        | Found a transporter.
  2252 | D        | Got the ring of Moodiness {Wiz Str-2 Dex+3}
  2256 | D        | Got the ring "Diesteco" {Fly rPois rN+ Str-2 SInv}
  2264 | D        | Got the ring "Wiwod" {rElec rC+ Will+ Int+3 Dex+3}
  2296 | D        | Entered arena 22.
  2342 | D        | Noticed Boris
  2342 | D        | Noticed Geryon
  2342 | D        | Noticed Dowan
  2343 | D        | Noticed the Enchantress
  2343 | D        | Noticed Menkaure
  2343 | D        | Noticed Antaeus
  2343 | D        | Noticed Murray
  2343 | D        | Noticed Ereshkigal
  2343 | D        | Noticed Margery
  2344 | D        | Noticed Dissolution
  2344 | D        | Killed Sonja
  2344 | D        | Killed Dowan
  2344 | D        | Killed Menkaure
  2344 | D        | Killed Boris
  2344 | D        | Noticed Jory
  2345 | D        | Killed the Enchantress
  2345 | D        | Killed Dissolution
  2345 | D        | Noticed Nellie
  2346 | D        | Reached skill level 15 in Dodging
  2346 | D        | Noticed a Tzitzimitl
  2347 | D        | Noticed Khufu
  2350 | D        | Killed Margery
  2350 | D        | Killed Geryon
  2350 | D        | Killed Murray
  2350 | D        | Killed Ereshkigal
  2350 | D        | Killed Jory
  2351 | D        | Reached XP level 16. HP: 53/128 MP: 7/32
  2352 | D        | Killed Nellie
  2352 | D        | Killed Khufu
  2354 | D        | Noticed Chuck
  2355 | D        | Killed Chuck
  2363 | D        | Found a transporter.
  2363 | D        | Found the +10 morningstar "Eos" {elec, Halo rElec}
  2375 | D        | Noticed Polyphemus
  2385 | D        | Killed Polyphemus
  2396 | D        | Killed Antaeus
  2399 | D        | Noticed Roxanne
  2433 | D        | Killed Roxanne
  2440 | D        | Got the amulet of the Kappa {RegenMP rCorr}
  2446 | D        | Got the amulet of Ugamyu {Acrobat rElec}
  2450 | D        | Got the ring of Broken Luck {rF+ rN+ Str+2}
  2585 | D        | Entered arena 23.
  2590 | D        | Noticed a shard shrike
  2592 | D        | Killed a shard shrike
  2592 | D        | Noticed an acid blob
  2593 | D        | Reached skill level 27 in Shields
  2593 | D        | Noticed a shard shrike
  2593 | D        | Noticed a shard shrike
  2593 | D        | Noticed a juggernaut
  2595 | D        | a shard shrike changed into a juggernaut
  2595 | D        | Noticed a juggernaut (glowing shapeshifter)
  2595 | D        | a juggernaut changed into a titan
  2595 | D        | Noticed a titan (glowing shapeshifter)
  2596 | D        | a juggernaut changed into an acid blob
  2596 | D        | Noticed an acid blob (glowing shapeshifter)
  2596 | D        | a titan changed into a shard shrike
  2596 | D        | Noticed a shard shrike (glowing shapeshifter)
  2597 | D        | Killed an acid blob
  2597 | D        | Killed a shard shrike
  2597 | D        | Killed an acid blob
  2600 | D        | Killed a shard shrike
  2601 | D        | Reached skill level 27 in Fighting
  2602 | D        | Found a transporter.
  2609 | D        | Got the Spellbook of the Vile Summer
  2624 | D        | Got Qeschotei's Commentary on the Spellbinding Gang
  2624 | D        | Got the ring "Ulall" {Wiz rElec rC+ Int+2 Dex-3}
  2631 | D        | Got the Almanac of the Icicle
  2635 | D        | Got the ring "Qamat" {rC+ rN+ SInv}
  2718 | D        | Entered arena 24.
  2723 | D        | Noticed Ripaakk the pandemonium lord
  2724 | D        | Noticed a tentacled starspawn
  2726 | D        | Reached XP level 17. HP: 113/139 MP: 17/34
  2729 | D        | Killed a tentacled starspawn
  2730 | D        | Reached skill level 27 in Invocations
  2732 | D        | Noticed Hoaluoc the pandemonium lord
  2756 | D        | HP: 2/139 [Hoaluoc the pandemonium lord/arc of chain
                  | lightning (88)]
  2763 | D        | Killed Ripaakk the pandemonium lord
  2779 | D        | Killed Hoaluoc the pandemonium lord
  2783 | D        | Found the crystal ball of Wucad Mu {*channel}
  2784 | D        | Found the necklace of Bloodlust {Fury *Rage Will++ Int-3
                  | Slay+6}
  2785 | D        | Found a transporter.
  2822 | D        | Got Sif Muna's Vellum of Scree and Fulmination
  2824 | D        | Got Sif Muna's Incunabulum of Bruises and Darkness
  2840 | D        | Got the Secrets of the Shot
  2994 | D        | Entered arena 25.
  3006 | D        | Found a transporter.
  3078 | D        | Entered arena 26.
  3086 | D        | Noticed a tentacled starspawn
  3088 | D        | Noticed Vauckaph the pandemonium lord
  3088 | D        | Identified the ring of Neggowen {Fly rElec rC+ Slay-6 SInv}
  3088 | D        | Noticed a tentacled starspawn
  3090 | D        | Killed a tentacled starspawn
  3098 | D        | Reached skill level 27 in Armour
  3103 | D        | Killed a tentacled starspawn
  3103 | D        | Killed Vauckaph the pandemonium lord
  3127 | D        | Found a transporter.
  3150 | D        | Got the Parchment of Transmutation and the Shot
  3255 | D        | Entered arena 27.
  3261 | D        | Noticed a quicksilver dragon
  3262 | D        | Noticed a quicksilver dragon
  3263 | D        | Noticed a golden dragon
  3264 | D        | Noticed a golden dragon
  3265 | D        | Reached XP level 18. HP: 137/145 MP: 26/35
  3265 | D        | Killed a golden dragon
  3265 | D        | Killed a golden dragon
  3265 | D        | Killed a quicksilver dragon
  3266 | D        | Noticed a golden dragon
  3269 | D        | Killed a quicksilver dragon
  3271 | D        | Killed a golden dragon
  3271 | D        | Killed a golden dragon
  3299 | D        | Found a transporter.
  3306 | D        | Got the ring "Qebraosi" {Fly rC+ Str+3 Stlth-}
  3317 | D        | Got the ring "Vifroas" {rElec rPois AC+4}
  3325 | D        | Acquired 1340 gold pieces
  3356 | D        | Got Ecugempo's Compilation of Frore Orogeny
  3380 | D        | Entered arena 28.
  3390 | D        | Identified the +0 chain mail "Xunevutz" {rF+ rC+++ Will-
                  | Regen+}
  3392 | D        | Reached skill level 27 in Dodging
  3393 | D        | Identified the +2 broad axe "Vuluff" {antimagic, Will+
                  | rCorr}
  3393 | D        | Identified the +9 halberd of Ashenzari {chaos, rF+ Str+2}
  3396 | D        | Found a transporter.
  3401 | D        | Reached XP level 19. HP: 151/151 MP: 20/36
  3424 | D        | Got the Orb of Zot
  3429 | D        | Escaped with the Orb!

Illustrated notes

Levels and vault maps discovered:
D:        sprint_v [room_start, room_1, room_2, room_3, room_4, room_5, room_6,
          room_7, room_8, room_9, room_10, room_11, room_12, room_13, room_14,
          room_15, room_16, room_17, room_18, room_19, room_20, room_21,
          room_22, room_23, room_24, room_25, room_26, room_27]

Skill      XL: |  1  2  3  4  5  6  7  8  9 10 11 12 13 14 15 16 17 18 |
---------------+-------------------------------------------------------+-----
Fighting       | 5 6 7 8 10 11 12 14 16 18 20 22 24 27 | 27.0
Maces & Flails | 4 5 6 8 9 10 11 13 15 16 18 | 18.0
Armour         | 5 6 7 8 9 11 12 13 16 20 21 27 | 27.0
Shields        | 5 6 9 12 15 17 19 20 21 25 27 | 27.0
Invocations    | 2 5 6 7 8 10 11 13 15 17 20 21 24 26 27 | 27.0
Dodging        | 2 5 9 12 15 17 24 27 | 27.0
Evocations     | 5 9 10 12 22 | 22.8

Action                     |  1- 3 |  4- 6 |  7- 9 | 10-12 | 13-15 | 16-18 | 19-21 || total
---------------------------+-------+-------+-------+-------+-------+-------+-------++-------
  Melee: Shillelagh        |     2 |     7 |    31 |    63 |       |       |       ||   103
         Demon whip        |       |       |       |    14 |   103 |    57 |       ||   174
         Morningstar       |       |       |       |       |       |    88 |     1 ||    89
 Invoke: Disaster Area     |       |       |       |     4 |    14 |    19 |       ||    37
         Upheaval          |       |       |       |     2 |     3 |       |       ||     5
         Elemental Force   |       |       |       |       |     1 |       |       ||     1
  Evoke: Phantom mirror    |       |       |       |       |       |     1 |       ||     1
    Use: Potion            |     1 |       |     2 |     5 |     2 |    15 |       ||    25
         Scroll            |       |       |     2 |     2 |     5 |     3 |       ||    12
   Stab: Invisible         |       |       |     3 |     4 |       |       |       ||     7
 Armour: Gold dragon scale |     5 |     7 |    13 |    83 |    46 |    39 |       ||   193
  Dodge: Dodged            |       |     3 |     9 |    28 |    28 |    21 |       ||    89
         Repelled          |       |       |       |     1 |     2 |     3 |       ||     6
  Block: Buckler           |     1 |     3 |    16 |    29 |       |       |       ||    49
         Tower shield      |       |       |       |    87 |   132 |   134 |     2 ||   355
         Reflection        |       |       |       |       |       |    16 |       ||    16

Table legend: (Time is in decaauts)
 A = Elapsed time spent in this place.
 B = Non-inter-level travel time spent in this place.
 C = Inter-level travel time spent in this place.
 D = Time resting spent in this place.
 E = Time spent auto-exploring this place.
 F = Levels seen in this place.
 G = Mean time per level.
                   A        B        C        D        E       F      G
               +--------+--------+--------+--------+--------+-----+--------+
         Total |   3283 |   3283 |      0 |   1544 |      0 |   1 | 3283.0 |
       Dungeon |   3283 |   3283 |      0 |   1544 |      0 |   1 | 3283.0 |
               +--------+--------+--------+--------+--------+-----+--------+

Top non-repeatable levels by time:
       D: 3283 daAuts
